 Dungeon Crawl Stone Soup version 0.28-a0-691-gad6df49e81 (webtiles) character file.

Game seed: 18374420568920057176

6701 lunkers the Thaumaturge (level 11, -2/85 HPs)
             Began as a Djinni Cinder Acolyte on Oct 22, 2021.
             Was a High Priest of Ignis.
             Slain by a vampire (4 damage)
             ... on level 9 of the Dungeon.
             The game lasted 00:28:15 (15110 turns).

lunkers the Thaumaturge (Djinni Cinder Acolyte)    Turns: 15110, Time: 00:28:16

Health: -2/85      AC:  6    Str: 19    XL:     11   Next: 23%
Gold:   522        EV: 11    Int: 18    God:    Ignis [*****.] SH:  5 Dex: 16

rFire   + + +      SeeInvis .   a - +2 short sword (elec)
rCold   x . .      Faith    .   z - +0 buckler
rNeg    . . .      Spirit   .   b - +0 robe
rPois   ∞          Reflect  .   A - +0 helmet
rElec   .          Harm     .   t - +0 cloak
rCorr   .          Rampage  .   f - +1 pair of gloves
Will    +....                   (boots unavailable)
Stlth   +.........              (no amulet)
HPRegen 0.24/turn               j - +6 ring of strength
MPRegen 0.00/turn               q - +6 ring of dexterity

@: flying
A: sickness immunity, fire resistance 2, cold vulnerability 1, float, innate
caster, hp casting, extra vitality 1
a: Renounce Religion, Sea of Fire, Foxfire Swarm, Rising Flame


You were on level 9 of the Dungeon.
You worshipped Ignis.
Ignis was extremely pleased with you.
You visited 1 branch of the dungeon, and saw 9 of its levels.
You also visited: Bailey.

You collected 522 gold pieces.

Inventory:

Hand Weapons
 a - a +2 short sword of electrocution (weapon)
 v - a -1 short sword of flaming
Missiles
 d - 316 stones
 u - a throwing net
 H - 2 curare-tipped darts
Armour
 b - a +0 robe (worn)
 f - a +1 pair of gloves (worn)
 t - a +0 cloak (worn)
 z - a +0 buckler (worn)
 A - a +0 helmet (worn)
Jewellery
 j - a +6 ring of strength (left hand)
 q - a +6 ring of dexterity (right hand)
Wands
 m - a wand of acid (10)
 x - a wand of iceblast (2)
 F - a wand of digging (5)
Scrolls
 h - a scroll of fog
 i - 2 scrolls of magic mapping
 k - a scroll of enchant armour
 l - a scroll of teleportation
 y - 2 scrolls of blinking
 I - a scroll of identify
Potions
 c - 2 potions of might
 e - 2 potions of mutation
 g - 3 potions of attraction
 n - 3 potions of lignification
 o - a potion of heal wounds
 p - 4 potions of brilliance
 r - 3 potions of curing
 s - 2 potions of degeneration {unknown}
 w - a potion of cancellation {unknown}
 C - a potion of resistance {unknown}
 D - a potion of invisibility {unknown}
 G - a potion of magic {unknown}
Miscellaneous
 E - a phantom mirror


   Skills:
 + Level 9.7 Fighting
 - Level 2.6 Short Blades
 - Level 4.0 Shields
 * Level 10.4 Spellcasting


You had 14 spell levels left.
You knew the following spells:

 Your Spells              Type           Power      Damage    Failure   Level
a - Sandblast             Erth           92%        2d19      1%          1
b - Passwall              Tmut/Erth      38%        N/A       1%          2
c - Confusing Touch       Hex            46%        N/A       1%          3
d - Ozocubu's Armour      Ice            46%        N/A       1%          3
e - Irradiate             Conj/Tmut      23%        3d21      3%          5
p - Scorch                Fire           92%        2d10      1%          2
Your spell library was empty.

Dungeon Overview and Level Annotations

Branches:
Dungeon (9/15)             Temple (0/1) D:6          Bailey (visited)
   Lair: D:8-11         Orc: D:9-12

Altars:
Dithmenos
Hepliaklqana
Nemelex Xobeh
Qazlal
Uskayaw
Wu Jian

Shops:
D:5 [   D:7 *

Annotations:
D:6 2 transporters, Aneyh's ghost, novice DgEn


Innate Abilities, Weirdness & Mutations

You are immune to sickness and miasma.
You are immune to poison.
Your flesh is very heat resistant. (rF++)
You are vulnerable to cold. (rC-)
You float through the air rather than walking.
You learn spells naturally, not from books.
Your magical power is your life essence.
You have superior vitality. (+4 HP)


Message History

Something hits you!
* * * LOW HITPOINT WARNING * * *
Something bites you.
* * * LOW HITPOINT WARNING * * *
The orc wizard hits you with a +0 dagger.
* * * LOW HITPOINT WARNING * * *
You bump into the rock wall.
The orc priest closely misses you.
You hear some strange, mumbled words.
You are more confused.
The orc wizard hits you with a +0 dagger.
* * * LOW HITPOINT WARNING * * *
Unknown command.
You feel better.
The orc priest hits you with a +0 dagger.
* * * LOW HITPOINT WARNING * * *
Something hits you.
* * * LOW HITPOINT WARNING * * *
Something bites you!
* * * LOW HITPOINT WARNING * * *
You block the orc wizard's attack.
Casting: Scorch (safe; 1% risk of failure)
Press: ? - help, Q - select action, (/) - cycle Dir - look around, f - activate Flames lash the bullfrog.
The bullfrog is moderately wounded.
The bullfrog's fire resistance burns away.
* * * LOW HITPOINT WARNING * * *
The orc priest calls down the wrath of Beogh upon you.
You resist with significant effort. Something hits you.
* * * LOW HITPOINT WARNING * * *
Something bites you!
* * * LOW HITPOINT WARNING * * *
The orc wizard casts a spell at you. You resist with almost no effort.
As you read the scroll of fear, it crumbles to dust.
You assume a fearsome visage.
The bullfrog looks frightened!
The orc wizard looks frightened!
The orc priest looks frightened!
Something hits you!
* * * LOW HITPOINT WARNING * * *
Something bites you.
You die...

#........... >..
#...[c..c... ...
#........... ....
#...<..[....
.....########...........
.....#>.................
..........##............
.....F.#.# ##......#....
#o)@# ##.......#.#
##)o## #.......# #
##..####.......#
##.###...........
..................
......#.#.........
..................
...o..###.........
...{..###...#.....


You could see a bullfrog (fleeing, combustible), an orc priest (fleeing) and an
orc wizard (fleeing).

Vanquished Creatures
  A hydra (D:7)
  A centaur zombie (D:6)
  Maurice (D:8)
  A gargoyle (D:8)
  Grinder (D:4)
  A shadow (D:7)
  Sigmund (D:2)
  3 yaks (D:5)
  A steam dragon (D:8)
  2 water moccasins
  5 orc warriors
  3 black bears
  3 necrophages
  3 ogres
  4 phantoms
  2 bullfrogs
  2 gnoll sergeants
  6 scorpions
  A wyvern skeleton (D:6)
  4 killer bees
  5 wights (D:6)
  2 electric eels (D:6)
  The ghost of Cancer the Conjurer, a weakling GrCj (D:3)
  A gnoll shaman (D:5)
  5 orc priests
  6 hounds
  3 jellies
  A bullfrog skeleton (D:5)
  Terence (D:2)
  5 orc wizards
  Natasha (thrice) (D:2)
  A killer bee zombie (D:8)
  A hound skeleton (D:4)
  4 adders
  24 gnolls
  2 howler monkey skeletons
  2 white imps (D:7)
  3 ufetubi
  3 worms
  2 dart slugs
  24 orcs
  10 ball pythons
  8 endoplasms
  4 giant cockroaches
  7 goblins
  6 hobgoblins
  6 jackals
  6 kobolds
  3 quokkas
  9 bats
  5 frilled lizards
  6 rats
215 creatures vanquished.

Vanquished Creatures (others)
  19 plants
19 creatures vanquished.

Grand Total: 234 creatures vanquished

Notes
Turn   | Place    | Note
-------+----------+-------------------------------------------
     0 | D:1      | lunkers the Djinni Cinder Acolyte began the quest for the
                  | Orb.
     0 | D:1      | Reached XP level 1. HP: 20/20 MP: 0/0
   390 | D:1      | Reached XP level 2. HP: 25/25 MP: 0/0
   551 | D:1      | Found a faded altar of an unknown god.
   552 | D:1      | Noticed a shining eye
   556 | D:1      | Noticed a shining eye
   562 | D:1      | Noticed a great orb of eyes
   717 | D:1      | Noticed an eye of devastation
   848 | D:1      | Reached XP level 3. HP: 24/30 MP: 0/0
   848 | D:1      | Learned a level 1 spell: Sandblast
   948 | D:1      | Reached skill level 3 in Spellcasting
  1781 | D:2      | Noticed Terence
  1816 | D:1      | Reached XP level 4. HP: 9/36 MP: 0/0
  2187 | D:2      | Noticed Sigmund
  2223 | D:2      | Killed Sigmund
  2224 | D:2      | Reached skill level 4 in Spellcasting
  2224 | D:2      | Reached XP level 5. HP: 27/42 MP: 0/0
  2224 | D:2      | Learned a level 2 spell: Passwall
  2224 | D:2      | Reached XP level 6. HP: 31/48 MP: 0/0
  2832 | D:2      | Noticed Natasha
  2835 | D:2      | Killed Natasha
  2953 | D:2      | Noticed Natasha
  2958 | D:2      | Killed Natasha
  3080 | D:2      | Killed Terence
  3521 | D:2      | Noticed Natasha
  3525 | D:2      | Killed Natasha
  3600 | D:3      | Found a runed translucent door.
  3600 | D:3      | Noticed Cancer's ghost (weakling GrCj)
  3817 | D:3      | Reached XP level 7. HP: 49/53 MP: 0/0
  3817 | D:3      | Learned a level 3 spell: Confusing Touch
  4356 | D:3      | Found a sparkling altar of Nemelex Xobeh.
  4370 | D:3      | Killed Cancer's ghost
  4371 | D:3      | Reached skill level 5 in Spellcasting
  4490 | D:4      | Reached skill level 5 in Fighting
  5080 | D:3      | HP: 2/54 [orc warrior (15)]
  5430 | D:4      | Reached XP level 8. HP: 34/61 MP: 0/0
  5699 | D:4      | Found a hazy altar of Hepliaklqana.
  5804 | D:4      | Reached skill level 6 in Spellcasting
  5858 | D:4      | Noticed Grinder
  5864 | D:4      | Killed Grinder
  6186 | D:5      | Entered Level 5 of the Dungeon
  6540 | D:5      | Reached skill level 7 in Spellcasting
  6540 | D:5      | Reached XP level 9. HP: 61/67 MP: 0/0
  6540 | D:5      | Learned a level 3 spell: Ozocubu's Armour
  6565 | D:5      | Found Xistred's Antique Armour Emporium.
  7262 | D:5      | Reached skill level 8 in Spellcasting
  8339 | D:6      | Found a transporter.
  8339 | D:6      | Noticed Aneyh's ghost (novice DgEn)
  8600 | D:6      | Reached XP level 10. HP: 56/76 MP: 0/0
  8840 | D:6      | Found a shadowy altar of Dithmenos.
  8840 | D:6      | Found a stormy altar of Qazlal.
  9112 | D:6      | Found a transporter.
  9170 | D:6      | Reached skill level 9 in Spellcasting
 10468 | D:6      | Found a staircase to the Ecumenical Temple.
 10596 | D:7      | Noticed a +0 spear
 10596 | D:7      | Noticed a +0 spear
 10597 | D:7      | Noticed a +0 dagger
 10601 | D:7      | Noticed a +0 short sword
 10609 | D:7      | Noticed a +0 short sword
 10611 | D:7      | Noticed a +0 falchion
 10615 | D:7      | Noticed a +0 falchion
 10617 | D:7      | Noticed a +0 dagger
 10631 | D:7      | Found a hide-covered altar of Uskayaw.
 10701 | D:7      | Found a flagged portal.
 10830 | Bailey   | Entered a bailey
 10838 | Bailey   | Reached skill level 1 in Shields
 11257 | D:7      | Found Unex's General Store.
 11984 | D:7      | Noticed a five-headed hydra
 11989 | D:7      | Killed a five-headed hydra
 12716 | D:8      | Reached skill level 10 in Spellcasting
 12807 | D:7      | Reached XP level 11. HP: 60/84 MP: 0/0
 12807 | D:7      | Learned a level 5 spell: Irradiate
 13603 | D:8      | Found an ornate altar of the Wu Jian Council.
 13731 | D:8      | Noticed Maurice
 13735 | D:8      | Killed Maurice
 14412 | D:9      | Noticed a two-headed ogre
 14563 | D:8      | HP: 3/85 [wyvern (5)]
 15110 | D:9      | HP: 2/85 [something (8)]
 15110 | D:9      | Slain by a vampire

Illustrated notes

Levels and vault maps discovered:
D:1:      nagdon_arrival_zigzag_paths, layout_basic,
          hellmonk_ecumenical_altar_watching_god
D:2:      layout_basic, uniq_terence, uniq_sigmund, uniq_natasha
D:3:      layout_rooms, marbit_many_paths, hellmonk_ghost_happy_afterlife,
          kennysheep_big_empty_room, minmay_starry_boxes
D:4:      layout_basic, nicolae_hepliaklqana_hazy_memory, nrook_loot_triangle,
          uniq_grinder
D:5:      layout_basic, serial_shops, shop_fountains
D:6:      layout_loops_ring, jmf_multi_god_temple, temple_green,
          gammafunk_ghost_arena, serial_bayou_ford_a
D:7:      layout_loops_corners, nicolae_uskayaw_en_pointe, serial_shops,
          nicolae_square_shop, enter_bailey_4, minivault_10,
          minmay_fractal_squares_5
D:8:      layout_loops_corners, nicolae_wu_jian_immortal_techniques,
          minmay_liquid_box, kennysheep_generic_room_2, uniq_maurice
D:9:      layout_rooms, lair_entry_dummy, kennysheep_generic_room_12

Skill      XL: |  1  2  3  4  5  6  7  8  9 10 11 |
---------------+----------------------------------+-----
Spellcasting   | 3 4 5 7 8 10 | 10.4
Fighting       | 4 5 6 8 9 |  9.7
Shields        | 2 4 |  4.0
Short Blades   | |  2.6

Action                   |  1- 3 |  4- 6 |  7- 9 | 10-12 || total
-------------------------+-------+-------+-------+-------++-------
Melee: Short sword       |    49 |       |       |     6 ||    55
 Cast: Scorch            |    19 |    57 |   186 |   155 ||   417
       Sandblast         |     1 |     6 |       |     2 ||     9
       Irradiate         |       |       |       |     6 ||     6
Evoke: Wand              |       |       |       |     8 ||     8
  Use: Scroll            |       |       |     5 |    16 ||    21
       Potion            |       |       |       |     2 ||     2
Armor: Robe              |    16 |     2 |     8 |    29 ||    55
Dodge: Dodged            |    36 |    16 |    35 |    73 ||   160
Block: Buckler           |       |       |       |    21 ||    21

Table legend: (Time is in decaauts)
 A = Elapsed time spent in this place.
 B = Non-inter-level travel time spent in this place.
 C = Inter-level travel time spent in this place.
 D = Time resting spent in this place.
 E = Time spent auto-exploring this place.
 F = Levels seen in this place.
 G = Mean time per level.
                   A        B        C        D        E       F      G
               +--------+--------+--------+--------+--------+-----+--------+
         Total |  15115 |  14770 |    345 |   2820 |   9987 |  10 | 1511.5 |
       Dungeon |  15101 |  14756 |    345 |   2820 |   9987 |   9 | 1677.9 |
        Bailey |     13 |     13 |      0 |      0 |      0 |   1 |   13.0 |
               +--------+--------+--------+--------+--------+-----+--------+

Top non-repeatable levels by time:
     D:5: 2404 daAuts
     D:7: 2296 daAuts
     D:8: 2168 daAuts
     D:6: 1984 daAuts
     D:1: 1941 daAuts
     D:2: 1886 daAuts
     D:3: 1263 daAuts
     D:4: 1096 daAuts
     D:9: 60 daAuts
  Bailey: 13 daAuts
